 Dungeon Crawl Stone Soup version 0.27-a0-277-g024f7ef292 (webtiles) character file.

Game seed: 17942065550439895981

13780 Nattfarinn the Covert (level 12, -12/51 HPs)
             Began as a Vine Stalker Enchanter on Feb 7, 2021.
             Was a Priest of Ashenzari.
             Shot with a bolt by an orc knight (26 damage)
             ... on level 1 of the Orcish Mines.
             The game lasted 00:45:47 (16927 turns).

Nattfarinn the Covert (Vine Stalker Enchanter)     Turns: 16927, Time: 00:45:50

Health: -12/51     AC:  9    Str: 11    XL:     12   Next: 9%
Magic:  0/31       EV: 19    Int: 19    God:    Ashenzari [***...]
Gold:   1202       SH:  0    Dex: 16    Spells: 14/23 levels left

rFire    . . .     SeeInvis +   o - +4 dagger (speed) (curse)
rCold    . . .     Faith    .   (no shield)
rNeg     . . .     Spirit   +   B - +3 steam dragon scales
rPois    .         Reflect  .   (no helmet)
rElec    .         Harm     .   F - scarf {shadows} (curse)
rCorr    .         Rampage  .   (no gloves)
Will     +....                  v - +0 pair of boots
Stlth    +++++.....             (no amulet)
HPRegen  0.97/turn              y - ring of magical power
MPRegen  0.22/turn              (no ring)

@: no status effects
A: fangs 3, regeneration 2, magic shield, antimagic bite, no potion heal 3
a: Renounce Religion, Curse Item, Scrying


You were on level 1 of the Orcish Mines.
You worshipped Ashenzari.
Ashenzari was most pleased with you.
You visited 3 branches of the dungeon, and saw 15 of its levels.

You collected 1202 gold pieces.

Inventory:

Hand Weapons
 a - a +1 dagger
 o - a cursed +4 dagger of speed (weapon)
 K - the +12 Vampire's Tooth {vamp}
   (You found it on level 10 of the Dungeon)

   It inflicts no extra harm, but heals its wielder when it wounds a living foe.
Missiles
 H - 6 javelins
Armour
 b - a +0 robe
 v - a +0 pair of boots (worn)
 B - +3 steam dragon scales (worn)
 F - a cursed scarf of shadows (worn)
Jewellery
 k - an uncursed amulet of faith
 y - a ring of magical power (left hand)
 G - an uncursed ring of ice
Wands
 q - a wand of random effects (44)
 s - a wand of polymorph (6)
 w - a wand of paralysis (20)
 A - a wand of flame (60)
Scrolls
 d - 2 scrolls of immolation
 f - 4 scrolls of enchant weapon
 g - 2 scrolls of teleportation
 h - a scroll of blinking
 m - 2 scrolls of magic mapping
 D - a scroll of fog
 I - a scroll of acquirement
Potions
 e - 4 potions of brilliance {unknown}
 i - a potion of magic {unknown}
 l - 2 potions of heal wounds {unknown}
 n - 4 potions of berserk rage {unknown}
 p - 2 potions of haste {unknown}
 r - 6 potions of curing {unknown}
 t - 3 potions of invisibility {unknown}
 u - a potion of experience {unknown}
 z - a potion of might {unknown}
 C - 4 potions of attraction {unknown}
 E - 2 potions of mutation {unknown}
 J - 2 potions of lignification {unknown}


   Skills:
 - Level 0.8(2.3) Short Blades
 - Level 10.0 Dodging
 - Level 12.3 Stealth
 - Level 6.0 Spellcasting
 + Level 11.1 Hexes


You had 14 spell levels left.
You knew the following spells:

 Your Spells              Type           Power        Failure   Level
a - Corona                Hex            53%          1%          1
b - Ensorcelled Hibernat  Hex/Ice        52%          1%          2
c - Confusing Touch       Hex            48%          1%          3
d - Tukima's Dance        Hex            48%          1%          3

Your spell library contained the following spells:

 Spells                   Type           Power        Failure   Level
 Dazzling Flash           Conj/Hex       52%          3%          3


Dungeon Overview and Level Annotations

Branches:
Dungeon (12/15)            Temple (1/1) D:4            Lair (0/6) D:9
    Orc (2/2) D:10            Elf (0/3) Orc:2

Altars:
Ashenzari
Cheibriados
Dithmenos
Elyvilon
Fedhas
Gozag
Hepliaklqana
Kikubaaqudgha
Makhleb
Nemelex Xobeh
Okawaru
Qazlal
Ru
Sif Muna
Trog
Uskayaw
Vehumet
Wu Jian
Xom
Yredelemnul
Zin
The Shining One

Annotations:
D:4 4 runed translucent doors, Crazy Yiuf; Gieldon's ghost, novice GrEE
D:8 3 runed translucent doors, iamserjio's ghost, novice VSTm


Innate Abilities, Weirdness & Mutations

You have razor-sharp teeth.
You heal very quickly.
When hurt, damage is shared between your health and your magic reserves.
Your bite disrupts and absorbs the magic of your enemies.
Potions cannot restore your health.


Message History

Confirm with . or Enter, or press ? or * to list all spells.
Aiming: Ensorcelled Hibernation (safe; 1% risk of failure)
Press: ? - help, Shift-Dir - straight line, f/p - orc knight
Aim: an orc knight, quivering bolts (lightly wounded, chance to affect: 37%)
The orc knight easily resists.
The orc knight hits you!
* * * LOW HITPOINT WARNING * * *
Okay, then.
As you read the scroll of fear, it crumbles to dust.
You assume a fearsome visage.
The orc knight looks frightened!
Your +0 broad axe is unaffected.
Your +0 broad axe hits the orc knight.
Your +0 broad axe's attack snaps the orc knight out of its fear.
The orc knight misses you.
Blink to where?
Press: ? - help, Dir - move target, p - orc knight
As you read the scroll of blinking, it crumbles to dust.
The orc knight wields a +0 arbalest.
The orc knight shoots a bolt.
The bolt hits you!!
Ouch! That really hurt!
You die...

#........###.##.#........
##........#..............
##........#....#....#...
#.........#....##...)...
##.......##...####.#....
#.......####.####......#
#........##....#.......#
###...............#..#....
##.#[....)@...........##...
#..))(...........#(#<###...
##.(o(..............#.#....
#..)ยง(.............#......#
##.))$(#......#.#.###.#.##.
#........#........########
#....[...........## #
##.............###
#..............##


You could see an orc knight and a friendly +0 broad axe.

Vanquished Creatures
  A hydra (D:11)
  A two-headed ogre (D:9)
  An orc sorcerer (Orc:1)
  3 cyclopes
  A centaur zombie (D:11)
  A hornet (D:10)
  A tyrant leech (D:10)
  3 vampires (D:10)
  18 yaks
  A wyvern (D:9)
  5 vampire mosquitoes (D:10)
  A steam dragon (D:10)
  Edmund (Temple)
  2 wargs (Orc:1)
  11 orc warriors
  2 sky beasts
  An ice beast (D:5)
  4 ogres
  6 centaurs
  2 phantoms
  3 big kobolds
  5 bullfrogs
  A wyvern skeleton (D:10)
  2 scorpions
  6 killer bees
  5 wights
  7 howler monkeys
  3 jellies
  A quasit (D:11)
  3 bullfrog zombies
  10 orc priests
  4 hounds
  A bullfrog skeleton (D:6)
  Natasha (thrice) (D:4)
  2 iguanas (D:9)
  11 orc wizards
  9 worker ants
  A hound skeleton (D:9)
  A worker ant zombie (D:6)
  7 gnolls
  10 adders
  2 shadow imps (D:9)
  2 white imps
  2 ufetubi
  2 oozes
  An adder zombie (D:9)
  2 adder skeletons
  A worm (D:2)
  A dart slug (D:2)
  5 leopard geckos
  32 orcs
  2 ball pythons
  11 bats
  7 giant cockroaches
  8 goblins
  5 hobgoblins
  11 jackals
  4 quokkas
  3 frilled lizards
  23 kobolds
  A leopard gecko zombie (D:7)
  A quokka skeleton (D:4)
  9 rats
296 creatures vanquished.

Vanquished Creatures (collateral kills)
  Maggie (D:6)
  7 orc warriors
  An ogre (Orc:2)
  3 wights
  An orc priest (D:11)
  5 orcs
18 creatures vanquished.

Vanquished Creatures (others)
  4 dancing weapons
  An orc (Orc:2)
  2 plants (D:8)
7 creatures vanquished.

Grand Total: 321 creatures vanquished

Notes
Turn   | Place    | Note
-------+----------+-------------------------------------------
     0 | D:1      | Nattfarinn the Vine Stalker Enchanter began the quest for
                  | the Orb.
     0 | D:1      | Reached XP level 1. HP: 9/9 MP: 4/4
   186 | D:1      | Reached XP level 2. HP: 6/13 MP: 3/6
   971 | D:1      | Learned a level 2 spell: Ensorcelled Hibernation
  1165 | D:2      | Noticed a bullfrog
  1174 | D:2      | Killed a bullfrog
  1175 | D:2      | Reached skill level 4 in Stealth
  1175 | D:2      | Reached XP level 3. HP: 9/16 MP: 2/8
  1175 | D:2      | Gained mutation: Your natural rate of healing is unusually
                  | fast. [Vine Stalker growth]
  1175 | D:2      | Reached XP level 4. HP: 12/21 MP: 2/10
  1583 | D:2      | Reached XP level 5. HP: 24/24 MP: 11/11
  2940 | D:4      | Found a staircase to the Ecumenical Temple.
  3053 | D:3      | Learned a level 3 spell: Confusing Touch
  3056 | D:4      | Noticed Edmund
  3068 | Temple   | Entered the Ecumenical Temple
  3134 | Temple   | Became a worshipper of Ashenzari the Shackled
  3350 | Temple   | Killed Edmund
  3351 | Temple   | Reached skill level 5 in Stealth
  3351 | Temple   | Reached skill level 5 in Hexes
  3351 | Temple   | Reached XP level 6. HP: 18/28 MP: 13/13
  3773 | D:4      | Found a runed translucent gate.
  3773 | D:4      | Found a runed translucent gate.
  3773 | D:4      | Found a runed translucent gate.
  3874 | D:4      | Found a sparkling altar of Nemelex Xobeh.
  3925 | D:4      | Noticed Gieldon's ghost (novice GrEE)
  4221 | D:4      | Found a runed translucent door.
  4222 | D:4      | Identified the +4 mace of Ruadwoov {antimagic, Int+3}
  4222 | D:4      | Noticed Crazy Yiuf
  4276 | D:4      | Noticed Natasha
  4289 | D:4      | Killed Natasha
  4290 | D:4      | Reached XP level 7. HP: 31/32 MP: 15/15
  4346 | D:4      | Noticed Natasha
  4352 | D:4      | Killed Natasha
  4353 | D:4      | Reached skill level 5 in Spellcasting
  4502 | D:4      | Noticed Natasha
  4516 | D:4      | Killed Natasha
  4620 | D:5      | Entered Level 5 of the Dungeon
  4677 | D:5      | Learned a level 3 spell: Tukima's Dance
  4991 | D:5      | Reached skill level 6 in Stealth
  5734 | D:5      | Gained mutation: You have razor-sharp teeth. [Vine Stalker
                  | growth]
  5734 | D:5      | Reached XP level 8. HP: 36/36 MP: 12/18
  5812 | D:5      | Reached skill level 7 in Stealth
  6266 | D:6      | Reached skill level 8 in Stealth
  6567 | D:6      | Reached skill level 9 in Stealth
  6604 | D:6      | Noticed Maggie
  6614 | D:6      | Killed Maggie
  6615 | D:6      | Reached skill level 10 in Stealth
  6832 | D:7      | Reached * piety under Ashenzari
  7039 | D:7      | Reached XP level 9. HP: 39/39 MP: 19/19
  7107 | D:7      | Reached skill level 11 in Stealth
  7835 | D:8      | Reached skill level 12 in Stealth
  8410 | D:8      | Found a runed translucent gate.
  8410 | D:8      | Found a runed translucent gate.
  8410 | D:8      | Found a runed translucent gate.
  8412 | D:8      | Noticed iamserjio's ghost (novice VSTm)
  8413 | D:8      | Noticed a ten-headed hydra
  8610 | D:9      | Noticed a two-headed ogre
  8629 | D:9      | Killed a two-headed ogre
  8630 | D:9      | Reached skill level 5 in Dodging
  8740 | D:9      | Reached XP level 10. HP: 44/44 MP: 20/20
  9354 | D:9      | Found a staircase to the Lair.
  9638 | D:9      | Found a shimmering blue altar of Sif Muna.
  9718 | D:10     | Entered Level 10 of the Dungeon
  9893 | D:10     | Reached ** piety under Ashenzari
 10556 | D:10     | Found the +12 Vampire's Tooth {vamp}
 10561 | D:10     | Reached XP level 11. HP: 47/47 MP: 21/21
 11752 | D:10     | Found a staircase to the Orcish Mines.
 11821 | D:10     | Reached skill level 10 in Dodging
 12512 | D:11     | Noticed an eight-headed hydra
 12764 | D:11     | Noticed a cyclops
 12776 | D:11     | Killed a cyclops
 12944 | D:11     | Noticed a cyclops
 12954 | D:11     | Killed a cyclops
 13408 | D:11     | Killed an eight-headed hydra
 13685 | D:11     | Identified a scroll of acquirement
 13801 | Orc:1    | Entered Level 1 of the Orcish Mines
 13822 | Orc:1    | Noticed a cyclops
 13849 | Orc:1    | Killed a cyclops
 13850 | Orc:1    | Reached skill level 10 in Hexes
 14264 | Orc:2    | Entered Level 2 of the Orcish Mines
 14264 | Orc:2    | Found a staircase to the Elven Halls.
 14267 | Orc:2    | Reached *** piety under Ashenzari
 14951 | Orc:2    | Noticed an orc sorcerer
 15472 | Orc:2    | Noticed an orc knight
 15477 | Orc:1    | Gained mutation: You heal very quickly. [Vine Stalker
                  | growth]
 15477 | Orc:1    | Reached XP level 12. HP: 35/51 MP: 13/22
 16138 | Orc:2    | Noticed a soul eater
 16927 | Orc:1    | Shot with a bolt by an orc knight

Illustrated notes

Levels and vault maps discovered:
D:1:      minmay_arrival_stone_box, layout_basic, grunt_decor_one_mirror
D:2:      layout_basic
D:3:      layout_rooms
D:4:      layout_rooms, minmay_temple_entry_tees, gammafunk_ghost_icy,
          nemelex_xobeh_ov_fountains_minmay, uniq_crazy_yiuf_cottage,
          uniq_edmund, uniq_natasha
D:5:      layout_loops_corners
D:6:      layout_cave_pools, grunt_ministairs_1, uniq_maggie
D:7:      layout_loops_ring, serial_rivers, chequers_serial_rivers_small_3,
          chequers_serial_rivers_micro_e, chequers_serial_rivers_micro_c,
          chequers_serial_rivers_micro_a, eino_tiny_chamber
D:8:      layout_basic, gammafunk_ghost_hydra_chop, grunt_tough_drop
D:9:      layout_loops_ring, kennysheep_mini_moat
D:10:     layout_stronghold, david_orc_4, minmay_guarded_unrand_vampires_tooth
D:11:     layout_basic
D:12:     layout_loops_ring, basic_altar, abandoned_shop, minmay_microvault
Temple:   compressed_dpeg_triangle_lava_temple
Orc:1:    layout_caves
Orc:2:    st_orc_rangers, layout_caves, nicolae_orc_damp_corner

Skill      XL: |  1  2  3  4  5  6  7  8  9 10 11 12 |
---------------+-------------------------------------+-----
Stealth        | 4 5 6 10 12 | 12.3
Spellcasting   | 3 4 6 |  6.0
Hexes          | 4 5 6 10 11 | 11.1
Dodging        | 5 9 10 | 10.0
Short Blades   | |  0.8

Action                   |  1- 3 |  4- 6 |  7- 9 | 10-12 || total
-------------------------+-------+-------+-------+-------++-------
Melee: Dagger            |    68 |   201 |   247 |   394 ||   910
       Bite              |    12 |    51 |    49 |    94 ||   206
 Cast: Ensorcelled Hiber |     2 |    37 |    57 |   158 ||   254
       Corona            |     1 |       |       |       ||     1
       Confusing Touch   |       |     2 |     1 |    15 ||    18
       Tukima's Dance    |       |       |    18 |    29 ||    47
Invok: Curse Item        |       |     1 |     1 |       ||     2
Evoke: Wand              |       |       |       |     4 ||     4
  Use: Scroll            |       |       |       |    17 ||    17
 Stab: Sleeping          |     2 |    20 |    53 |    80 ||   155
       Confused          |       |     4 |     2 |    13 ||    19
       Distracted        |       |       |       |     1 ||     1
Armor: Robe              |    13 |    27 |     6 |       ||    46
       Steam dragon scal |       |       |    37 |    91 ||   128
Dodge: Dodged            |    43 |   103 |   110 |   470 ||   726

Table legend: (Time is in decaauts)
 A = Elapsed time spent in this place.
 B = Non-inter-level travel time spent in this place.
 C = Inter-level travel time spent in this place.
 D = Time resting spent in this place.
 E = Time spent auto-exploring this place.
 F = Levels seen in this place.
 G = Mean time per level.
                   A        B        C        D        E       F      G
               +--------+--------+--------+--------+--------+-----+--------+
         Total |  16705 |  15983 |    722 |   6136 |   7015 |  15 | 1113.7 |
       Dungeon |  12997 |  12333 |    664 |   3378 |   6630 |  12 | 1083.1 |
        Temple |    568 |    539 |     29 |    343 |     58 |   1 |  568.0 |
  Orcish Mines |   3138 |   3109 |     29 |   2415 |    327 |   2 | 1569.0 |
               +--------+--------+--------+--------+--------+-----+--------+

Top non-repeatable levels by time:
   Orc:1: 2953 daAuts
    D:10: 2009 daAuts
     D:9: 1441 daAuts
    D:11: 1427 daAuts
     D:5: 1402 daAuts
     D:2: 1198 daAuts
     D:4: 1145 daAuts
     D:8: 1039 daAuts
     D:1: 1030 daAuts
     D:7: 763 daAuts
     D:6: 738 daAuts
     D:3: 640 daAuts
  Temple: 568 daAuts
   Orc:2: 185 daAuts
    D:12: 160 daAuts
